 Dungeon Crawl Stone Soup version 0.25-a0-942-g87a53962fc (webtiles) character file.

Game seed: 1883315191491572695, levelgen mode: deterministic

168 Lanoc the Skirmisher (level 5, -2/47 HPs)
             Began as a Minotaur Abyssal Knight on May 7, 2020.
             Was a Believer of Lugonu.
             Slain by a gnoll (7 damage)
             ... on level 3 of the Dungeon.
             The game lasted 00:04:08 (2872 turns).

Lanoc the Skirmisher (Minotaur Abyssal Knight)      Turns: 2872, Time: 00:04:09

Health: -2/47      AC:  3    Str: 16    XL:     5   Next: 24%
Magic:  5/5        EV: 11    Int:  9    God:    Lugonu [**....]
Gold:   138        SH:  4    Dex: 11    Spells: 4/4 levels left

rFire    . . .     SeeInvis .   a - +1 spear
rCold    . . .     Gourm    .   g - +0 buckler
rNeg     . . .     Faith    .   b - +0 leather armour
rPois    .         Spirit   .   (helmet restricted)
rElec    .         Reflect  .   (no cloak)
rCorr    .         Harm     .   (no gloves)
MR       .....                  (no boots)
Stlth    +.........             (no amulet)
HPRegen  0.15/turn              (no ring)
MPRegen  0.09/turn              (no ring)

@: glowing
A: retaliatory headbutt, horns 2
a: Depart the Abyss, Bend Space, Renounce Religion


You were on level 3 of the Dungeon.
You worshipped Lugonu.
Lugonu was pleased with you.
You were not hungry.

You visited 1 branch of the dungeon, and saw 4 of its levels.
You visited the Abyss 1 time.

You collected 138 gold pieces.

Inventory:

Hand Weapons
 a - a +1 spear (weapon)
Missiles
 f - 2 throwing nets
 i - 53 bolts
 n - 14 poisoned darts (quivered)
Armour
 b - a +0 leather armour (worn)
 g - a +0 buckler (worn)
Scrolls
 e - 2 scrolls of amnesia {unknown}
 h - 2 scrolls of identify {unknown}
 j - 3 scrolls of blinking {unknown}
 k - a scroll of fear {unknown}
 p - a scroll of teleportation {unknown}
 s - a scroll of remove curse {unknown}
 t - a scroll of noise {unknown}
Potions
 d - a potion of curing {unknown}
 l - 3 potions of haste {unknown}
 m - 3 potions of heal wounds {unknown}
 o - a potion of mutation {unknown}
 r - a potion of magic {unknown}
Comestibles
 c - 4 rations


   Skills:
 + Level 4.3 Fighting
 * Level 4.1 Polearms
 + Level 3.3 Armour
 + Level 2.2 Dodging
 + Level 1.9 Shields
 + Level 2.5 Invocations


You had 4 spell levels left.
You didn't know any spells.
Your spell library was empty.

Dungeon Overview and Level Annotations

Branches:
Dungeon (4/15)
 Temple: D:4-7

Altars:
Makhleb
The Shining One


Innate Abilities, Weirdness & Mutations

You reflexively headbutt those who attack you in melee.
You have a pair of horns on your head.


Message History

You kill the gnoll shaman!
Lugonu accepts your kill.
You closely miss the gnoll.
The gnoll is heavily wounded.
The gnoll hits you!
* * * LOW HITPOINT WARNING * * *
All of the chunks of flesh in your inventory have rotted away.
You closely miss the gnoll. Your headbutt misses the gnoll.
The gnoll is heavily wounded.
The gnoll hits you but does no damage.
You hit the gnoll but do no damage.
The gnoll is severely wounded.
The gnoll hits you.
* * * LOW HITPOINT WARNING * * *
You hit the gnoll but do no damage. Your headbutt misses the gnoll.
The gnoll is heavily wounded.
You barely miss the gnoll. Your headbutt misses the gnoll.
The gnoll is heavily wounded.
The gnoll hits you!
You die...

###### #.... #..........
#....##..........
#.....#.#'#####..
#...#.#..........
#######...............
#...#######..#.############
#.......# #..#....#........
#(......###.....#.#..÷.....
#..(..(.)g@....#...........
#......(#####..#...#.......
#.........# #.>#...+.......
####..g....####.#...#.......
#......(...)..).#...#.......
####.##(..(...######...#.......
........................P.....#
≈≈≈....≈≈≈≈≈≈≈≈≈≈≈≈≈≈≈≈≈≈≈....#
≈≈≈≈....≈≈≈≈≈≈≈≈≈≈≈≈≈≈≈≈≈≈≈..


You could see a gnoll.

Vanquished Creatures
  A gnoll shaman (D:3)
  An iguana (D:2)
  4 gnolls (D:3)
  2 adders (D:2)
  A worm (D:2)
  2 dart slugs (D:2)
  A leopard gecko (D:2)
  An orc (D:3)
  2 ball pythons
  A giant cockroach (D:2)
  4 goblins
  4 hobgoblins
  12 jackals
  A quokka (D:2)
  2 bats (D:3)
  A frilled lizard (D:1)
  3 kobolds
  5 rats
48 creatures vanquished.

Notes
Turn   | Place    | Note
-------+----------+-------------------------------------------
     0 | Abyss:1  | Lanoc the Minotaur Abyssal Knight began the quest for the
                  | Orb.
     0 | Abyss:1  | Reached XP level 1. HP: 19/19 MP: 1/1
    66 | Abyss:1  | Noticed a tentacled starspawn
    67 | D:1      | Escaped the Abyss
   575 | D:1      | Reached XP level 2. HP: 27/27 MP: 2/2
   832 | D:2      | Found a burning altar of Makhleb.
   905 | D:2      | Reached * piety under Lugonu
   910 | D:2      | Reached XP level 3. HP: 19/33 MP: 3/3
  1422 | D:2      | Reached skill level 1 in Shields
  1554 | D:2      | Reached XP level 4. HP: 40/40 MP: 4/4
  1827 | D:2      | Found a glowing golden altar of the Shining One.
  2247 | D:3      | Reached ** piety under Lugonu
  2855 | D:3      | Reached XP level 5. HP: 28/46 MP: 5/5
  2872 | D:3      | Slain by a gnoll

Levels and vault maps discovered:
D:1:      dpeg_arrival_stone_temple_mockup, layout_basic,
          chequers_serial_rivers_small_b, minmay_misc_feat_plants
D:2:      layout_basic, lemuel_round_altar, tso_altar
D:3:      lemuel_castle_with_subvaults [lemuel_castle_interior_carwin_1],
          layout_basic, first_ration
D:4:      layout_basic, kennysheep_mini, nicolae_qazlal_style_of_elements,
          uniq_blork_the_orc, uniq_sigmund

Skill      XL: |  1  2  3  4 |
---------------+-------------+-----
Invocations    | 2 |  2.5
Polearms       | 3 4 |  4.1
Shields        | 1 |  1.9
Fighting       | 4 |  4.3
Armour         | 3 |  3.3
Dodging        | 2 |  2.2

Action                   |  1- 3 |  4- 6 || total
-------------------------+-------+-------++-------
Melee: Spear             |    76 |    94 ||   170
       Headbutt          |     6 |     8 ||    14
Throw: Dart              |       |    12 ||    12
Invok: Depart the Abyss  |     1 |       ||     1
  Eat: Chunk             |     2 |     4 ||     6
Armor: Leather armour    |    13 |    15 ||    28
Dodge: Dodged            |    23 |    35 ||    58
Block: Buckler           |     6 |    10 ||    16

Table legend:
 A = Non-vault XP
 B = Vault XP
 C = Vault XP percentage of total XP
 D = Non-vault monster count
 E = Vault monster count
 F = Vault count percentage of total count
                 A         B        C        D         E       F
            +---------+---------+-------+---------+---------+-------
      Total |     133 |     108 |  44.8 |      39 |       9 |  18.8
            +---------+---------+-------+---------+---------+-------
        D:1 |      12 |       0 |   0.0 |       8 |       0 |   0.0
        D:2 |      94 |       0 |   0.0 |      15 |       0 |   0.0
        D:3 |      27 |     106 |  79.7 |      16 |       8 |  33.3
        D:4 |       0 |       2 | 100.0 |       0 |       1 | 100.0
            +---------+---------+-------+---------+---------+-------
